 Dungeon Crawl Stone Soup version 0.21.1-1-g345015fe64 (webtiles) character file.

8934 Oravi the Martial Artist (level 11, -5/76 HPs)
             Began as a Merfolk Transmuter on Apr 10, 2018.
             Was a Priest of Qazlal.
             Slain by a wight
             ... wielding a +3 halberd of freezing
              (11 damage)
             ... on level 11 of the Dungeon.
             The game lasted 00:39:11 (11860 turns).

Oravi the Martial Artist (Merfolk Transmuter)      Turns: 11860, Time: 00:39:12

Health: -5/76      AC:  4    Str: 11    XL:     11   Next: 38%
Magic:  13/14      EV: 18    Int: 15    God:    Qazlal [***...]
Gold:   568        SH:  3    Dex: 15    Spells: 5/14 levels left

rFire    . . .     SeeInvis .     - Unarmed
rCold    . . .     Gourm    +   (no shield)
rNeg     . . .     Faith    .   b - +1 robe
rPois    .         Spirit   .   (no helmet)
rElec    .         Reflect  .   (no cloak)
rCorr    .         Harm     .   (no gloves)
MR       .....                  v - +0 pair of boots
Stlth    +.........             B - amulet of the gourmand
HPRegen  0.22/turn              (no ring)
MPRegen  0.14/turn              (no ring)

@: about to teleport, barbed spikes, drained
A: change form in water, swift swim, stealthy swim
a: Upheaval, Elemental Force, Renounce Religion


You were on level 11 of the Dungeon.
You worshipped Qazlal.
Qazlal was most pleased with you.
You were completely stuffed.

You visited 2 branches of the dungeon, and saw 12 of its levels.
You also visited: Ossuary.

You collected 568 gold pieces.

Inventory:

Missiles
 a - 179 arrows
Armour
 b - a +1 robe (worn)
 v - a +0 pair of boots (worn)
Jewellery
 g - an uncursed ring of fire
 B - an amulet of the gourmand (around neck)
Wands
 j - a wand of scattershot (6)
 k - a wand of paralysis (9)
 p - a wand of acid (8)
 u - a wand of disintegration (9)
Scrolls
 e - a scroll of fear
 f - 3 scrolls of teleportation
 h - 3 scrolls of enchant armour
 m - a scroll of amnesia
 r - 2 scrolls of enchant weapon
 t - a scroll of blinking
Potions
 i - a potion of flight
 l - 3 potions of curing
 n - 4 potions of resistance
 o - a potion of berserk rage
 q - 3 potions of ambrosia
Books
 c - a book of Changes

   Spells                             Type                      Level
   a - Beastly Appendage              Transmutation                1
   b - Sticks to Snakes               Transmutation                2
   c - Spider Form                    Transmutation/Poison         3
   d - Ice Form                       Ice/Transmutation            4
   e - Blade Hands                    Transmutation                5
 s - the Volume of Cold and Intoxication
   (You found it on level 5 of the Dungeon)

   Spells                             Type                      Level
   a - Freeze                         Ice                          1
   b - Ignite Poison                  Fire/Transmutation/Poison    3
   c - Ice Form                       Ice/Transmutation            4
   d - Olgreb's Toxic Radiance        Poison                       4
   e - Alistair's Intoxication        Transmutation/Poison         5
 w - a book of Callings

   Spells                             Type                      Level
   a - Summon Small Mammal            Summoning                    1
   b - Call Imp                       Summoning                    2
   c - Call Canine Familiar           Summoning                    3
   d - Summon Guardian Golem          Hexes/Summoning              3
   e - Summon Lightning Spire         Summoning/Air                4
   f - Summon Ice Beast               Ice/Summoning                4
 x - a Young Poisoner's Handbook

   Spells                             Type                      Level
   a - Sting                          Conjuration/Poison           1
   b - Poisonous Vapours              Poison/Air                   2
   c - Mephitic Cloud                 Conjuration/Poison/Air       3
   d - Olgreb's Toxic Radiance        Poison                       4
   e - Venom Bolt                     Conjuration/Poison           5
 y - a book of Misfortune

   Spells                             Type                      Level
   a - Confusing Touch                Hexes                        1
   b - Confuse                        Hexes                        3
   c - Gell's Gravitas                Translocation                3
   d - Petrify                        Transmutation/Earth          4
   e - Metabolic Englaciation         Hexes/Ice                    5
   f - Yara's Violent Unravelling     Hexes/Transmutation          5
Comestibles
 d - 17 rations
 z - 5 chunks of flesh


   Skills:
 + Level 3.6(3.3) Fighting
 * Level 9.5(9.1) Dodging
 - Level 12.0(11.5) Unarmed Combat
 - Level 2.0(1.6) Spellcasting
 * Level 11.1(10.6) Transmutations
 * Level 8.5(8.1) Poison Magic


You had 5 spell levels left.
You knew the following spells:

 Your Spells              Type           Power        Failure   Level  Hunger
a - Ice Form              Ice/Tmut       ###.....     26%         4    #####..
b - Sticks to Snakes      Tmut           ####....     1%          2    ###....
c - Spider Form           Tmut/Pois      ####......   1%          3    ####...


Dungeon Overview and Level Annotations

Branches:
Dungeon (11/15)            Temple (1/1) D:4            Lair (0/6) D:10
    Orc: D:9-12

Altars:
Ashenzari
Cheibriados
Dithmenos
Elyvilon
Fedhas
Gozag
Hepliaklqana
Kikubaaqudgha
Makhleb
Nemelex Xobeh
Okawaru
Qazlal
Ru
Sif Muna
Trog
Uskayaw
Vehumet
Wu Jian
Xom
Yredelemnul
Zin
The Shining One


Message History

* * * LOW HITPOINT WARNING * * *
You feel drained.
* * * LOW HITPOINT WARNING * * *
The wight freezes you.
* * * LOW HITPOINT WARNING * * *
Things that are here:
an enchanted battleaxe; a robe
Okay, then.
You feel better.
You feel better.
Your transformation has ended.
Your +0 pair of boots unmelds from your body.
Your +1 robe unmelds from your body.
The wight misses you. The manticore bites you!
* * * LOW HITPOINT WARNING * * *
You block the manticore's attack. The manticore barely misses you.
As you read the scroll of teleportation, it crumbles to dust.
You feel strangely unstable.
The wight hits you from afar with a halberd of freezing!
You die...

#...# #..........
#.... #.........#
#.... #.........+
#...# #.........#
#...# #.........#
#...# #.........#
#.zz# #.........#
#..H# #...<.....#
#.§@######.........#
#.§.#....#.........#
#...'....'.........#
#...#....#.........#
#...######.........#
#.... #.........#
#.... #.........#
#.... #.........
#####. #........


You could see a manticore and 2 wights.

Vanquished Creatures
  2 two-headed ogres
  A gargoyle (D:10)
  A komodo dragon (D:10)
  A troll (D:9)
  2 hippogriffs (D:9)
  5 yaks (D:9)
  A wyvern (D:10)
  Edmund (D:6)
  A water moccasin (D:7)
  Purgy (D:4)
  2 sky beasts (D:7)
  An ice beast (D:6)
  2 orc warriors
  5 phantoms
  2 black bears
  A necrophage (D:9)
  9 ogres
  2 centaurs (D:5)
  2 crocodiles (D:10)
  2 elf zombies (Ossuary)
  A big kobold (D:9)
  4 bullfrogs
  A gnoll sergeant (D:7)
  2 scorpions
  5 killer bees (D:10)
  A wight (D:11)
  4 howler monkeys
  4 crimson imps (D:10)
  3 centaur zombies
  2 bullfrog zombies
  A human zombie (Ossuary)
  3 jellies
  A quasit (D:10)
  9 hounds
  8 orc priests
  2 bullfrog skeletons
  4 iguanas
  3 centaur skeletons
  10 orc wizards
  6 worker ants
  A big kobold zombie (Ossuary)
  3 hound zombies (D:6)
  3 mummies (Ossuary)
  A worker ant zombie (D:6)
  8 gnolls
  13 adders
  5 shadow imps
  6 adder zombies
  4 adder skeletons
  4 worms
  2 dart slugs (D:2)
  6 leopard geckos
  38 orcs
  3 giant cockroaches
  4 gnoll zombies (Ossuary)
  6 hobgoblins
  3 jackals (D:4)
  4 quokkas
  A ball python (D:4)
  5 bats
  4 frilled lizards
  6 goblins
  4 goblin zombies (Ossuary)
  4 hobgoblin zombies (Ossuary)
  2 jackal skeletons
  4 jackal zombies (Ossuary)
  11 kobolds
  3 kobold zombies (Ossuary)
  A leopard gecko skeleton (D:4)
  A leopard gecko zombie (D:6)
  An orc zombie (Ossuary)
  A quokka skeleton (D:4)
  4 quokka zombies (Ossuary)
  3 rats
  4 rat zombies (Ossuary)
291 creatures vanquished.

Vanquished Creatures (others)
  A plant (D:10)
  2 withered plants (D:9)
3 creatures vanquished.

Grand Total: 294 creatures vanquished

Notes
Turn   | Place    | Note
-------+----------+-------------------------------------------
     0 | D:1      | Oravi the Merfolk Transmuter began the quest for the Orb.
     0 | D:1      | Reached XP level 1. HP: 15/15 MP: 3/3
   214 | D:1      | Reached XP level 2. HP: 17/21 MP: 3/5
   611 | D:2      | Reached skill level 4 in Unarmed Combat
   720 | D:2      | Reached XP level 3. HP: 21/26 MP: 4/6
   724 | D:2      | Learned a level 2 spell: Sticks to Snakes
   728 | D:2      | Learned a level 3 spell: Spider Form
  1035 | D:2      | Found a radiant altar of Vehumet.
  1040 | D:2      | Found a shattered altar of Ashenzari.
  1487 | D:3      | Reached XP level 4. HP: 22/33 MP: 2/7
  2237 | D:3      | You fall through a shaft!
  2264 | D:4      | Noticed an ogre
  2282 | D:3      | Killed an ogre
  2282 | D:3      | Reached skill level 5 in Unarmed Combat
  2282 | D:3      | Reached skill level 1 in Poison Magic
  2282 | D:3      | Reached XP level 5. HP: 23/38 MP: 2/8
  2617 | D:4      | Reached XP level 6. HP: 37/44 MP: 5/9
  2787 | D:4      | Reached skill level 5 in Transmutations
  2983 | D:4      | Noticed Purgy
  2999 | D:4      | Killed Purgy
  3217 | D:4      | Reached XP level 7. HP: 49/50 MP: 6/10
  3291 | D:4      | Found an ornate altar of the Wu Jian Council.
  3339 | D:4      | Found a staircase to the Ecumenical Temple.
  3461 | Temple   | Entered the Ecumenical Temple
  3724 | D:4      | Reached skill level 6 in Unarmed Combat
  3911 | D:5      | Entered Level 5 of the Dungeon
  4064 | D:5      | Found a sand-covered staircase.
  4073 | Ossuary  | Entered an ossuary
  4154 | Ossuary  | Reached XP level 8. HP: 36/57 MP: 11/11
  4394 | Ossuary  | Reached skill level 7 in Unarmed Combat
  4825 | D:5      | Found a hide-covered altar of Uskayaw.
  5074 | D:5      | Reached skill level 5 in Dodging
  5079 | D:5      | Reached skill level 8 in Unarmed Combat
  5344 | D:5      | Identified the Volume of Cold and Intoxication
  5500 | D:5      | Reached skill level 5 in Poison Magic
  5500 | D:5      | Reached XP level 9. HP: 9/62 MP: 9/12
  6071 | D:6      | Noticed Edmund
  6474 | D:6      | Reached skill level 9 in Unarmed Combat
  6664 | D:6      | Killed Edmund
  7059 | D:6      | Found a stormy altar of Qazlal.
  7062 | D:6      | Became a worshipper of Qazlal Stormbringer
  7184 | D:6      | Found a sacrificial altar of Ru.
  7565 | D:7      | Found a burning altar of Makhleb.
  7747 | D:7      | Reached skill level 10 in Unarmed Combat
  8038 | D:7      | Reached * piety under Qazlal
  8151 | D:8      | Noticed a two-headed ogre
  8157 | D:8      | Reached XP level 10. HP: 70/70 MP: 9/13
  8165 | D:8      | Killed a two-headed ogre
  9450 | D:9      | Found an ancient bone altar of Kikubaaqudgha.
  9468 | D:9      | Reached skill level 11 in Unarmed Combat
  9567 | D:9      | Reached skill level 10 in Transmutations
  9885 | D:9      | Reached ** piety under Qazlal
 10126 | D:9      | Noticed a two-headed ogre
 10132 | D:9      | Killed a two-headed ogre
 10132 | D:9      | Reached skill level 12 in Unarmed Combat
 10132 | D:9      | Reached XP level 11. HP: 58/75 MP: 12/14
 10353 | D:9      | Found an iron altar of Okawaru.
 10353 | D:9      | Found a sparkling altar of Nemelex Xobeh.
 10359 | D:9      | Found a shadowy altar of Dithmenos.
 10361 | D:9      | Found a basalt altar of Yredelemnul.
 10363 | D:9      | Found a blossoming altar of Fedhas.
 10464 | D:9      | Learned a level 4 spell: Ice Form
 10475 | D:10     | Entered Level 10 of the Dungeon
 11425 | D:10     | Found a staircase to the Lair.
 11537 | D:10     | Reached *** piety under Qazlal
 11850 | D:11     | Noticed a manticore
 11857 | D:11     | HP: 2/76 [wight/halberd of freezing (3)]
 11860 | D:11     | Slain by a wight

Skill      XL: |  1  2  3  4  5  6  7  8  9 10 11 |
---------------+----------------------------------+-----
Dodging        | 3 4 5 6 8 9 |  9.5
Transmutations | 3 4 5 6 7 9 10 11 | 11.1
Unarmed Combat | 4 5 6 8 10 12 | 12.0
Poison Magic   | 1 2 4 5 6 7 8 |  8.5
Fighting       | 2 3 |  3.6
Spellcasting   | |  2.0

Action                   |  1- 3 |  4- 6 |  7- 9 | 10-12 || total
-------------------------+-------+-------+-------+-------++-------
Melee: Unarmed           |    80 |   118 |   481 |   342 ||  1021
       Headbutt          |     9 |     4 |       |       ||    13
       Punch             |     3 |       |       |       ||     3
 Cast: Beastly Appendage |    16 |     8 |     2 |       ||    26
       Spider Form       |     1 |    14 |    52 |    30 ||    97
  Use: Scroll            |     6 |     5 |     5 |     6 ||    22
       Potion            |       |     2 |     6 |     3 ||    11
 Stab: Distracted        |       |       |     1 |       ||     1
       Sleeping          |       |       |     1 |       ||     1
  Eat: Chunk             |     1 |     9 |    17 |    31 ||    58
       Ration            |       |       |     2 |       ||     2
Armor: Robe              |    14 |    14 |     3 |       ||    31
       Skin              |       |     4 |    18 |     7 ||    29
Dodge: Dodged            |    54 |   110 |   439 |   274 ||   877
Block: Other             |       |       |       |    36 ||    36
